AoeStats
← tomhatherz

African Clearing

510368243Analyzed
2v2 RM · 1d ago on Sep 30, 2026· 32m 54s· 4 players
Game mode
Random Map
Map size
Medium (4 player)
Population
200
Speed
Normal
Resources
Standard
Victory
Conquest
Starting age
Dark Age
Ending age
Imperial Age
RankedLock teamsTeams togetherTeam positionsShared explorationLock speedFull tech treeHidden civsTurbo modeCheats
Victory
Defeat
🇦🇷 Mapuche · Argentina
1128
+14
🇩🇪 Franks · Germany
1104
+15
🇬🇧 Hindustanis · United Kingdom
1092
-15
🇬🇧 Turks · United Kingdom
1073
-14
Shambles
5:28 Loom
12:47 Feudal Age
15:15 Double-Bit Axe
19:53 Castle Age
18:34 Horse Collar
21:03 Scale Barding Armor
30:47 Chain Barding Armor
tomhatherz
4:58 Loom
15:26 Feudal Age
19:57 Double-Bit Axe
26:57 Castle Age
27:50 Wheelbarrow
27:51 Fletching
28:01 Horse Collar
28:36 Bow Saw
29:16 Padded Archer Armor
MALAJUNTA
6:37 Loom
14:04 Feudal Age
19:05 Castle Age
20:40 Fletching
21:14 Double-Bit Axe
22:36 Bodkin Arrow
26:50 Ballistics
28:50 Bow Saw
32:23 Wheelbarrow
31:48 Horse Collar
Hykso_Terra
5:32 Loom
13:43 Feudal Age
14:20 Double-Bit Axe
17:11 Wheelbarrow
17:11 Gold Mining
19:30 Forging
24:10 Castle Age
23:35 Scale Barding Armor
24:08 Town Watch
25:49 Iron Casting
33:19 Hand Cart
33:43 Chain Barding Armor
Connection lost

Rejoining the realm…

Still unreachable

The connection could not be restored.

Session expired

The server has moved on; the page needs a fresh start.